 Dungeon Crawl Stone Soup version 0.26-a0-833-g7262b39652 (webtiles) character file.

Game seed: 4484067745553938380

312 Gargoyl the Skirmisher (level 6, -1/53 HPs)
             Began as a Gnoll Abyssal Knight on Nov 16, 2020.
             Was a Believer of Lugonu.
             Killed by divine providence
             ... invoked by an orc priest
              (16 damage)
             ... on level 4 of the Dungeon.
             The game lasted 00:03:39 (3168 turns).

Gargoyl the Skirmisher (Gnoll Abyssal Knight)       Turns: 3168, Time: 00:03:40

Health: -1/53      AC: 12    Str: 16    XL:     6   Next: 42%
Magic:  9/9        EV:  6    Int: 15    God:    Lugonu [**....]
Gold:   127        SH:  4    Dex: 14    Spells: 9/9 levels left

rFire    + . .     SeeInvis .   a - +2 hand axe
rCold    + . .     Faith    .   k - +0 buckler
rNeg     . . .     Spirit   .   c - +0 plate armour
rPois    +         Reflect  .   (no helmet)
rElec    +         Harm     .   (no cloak)
rCorr    +         Rampage  .   (no gloves)
MR       .....                  (no boots)
Stlth    ..........             (no amulet)
HPRegen  0.17/turn              (no ring)
MPRegen  0.11/turn              (no ring)

@: resistant
A: distributed training, fangs 1, strong nose
a: Depart the Abyss, Bend Space, Renounce Religion


You were on level 4 of the Dungeon.
You worshipped Lugonu.
Lugonu was pleased with you.
You visited 1 branch of the dungeon, and saw 5 of its levels.
You visited the Abyss 1 time.

You collected 127 gold pieces.

Inventory:

Hand Weapons
 a - a +2 hand axe (weapon)
Missiles
 g - 6 poisoned darts
 i - 4 boomerangs (quivered)
Armour
 c - a +0 plate armour (worn)
 k - a +0 buckler (worn)
Scrolls
 b - 2 scrolls of teleportation
 j - a scroll of identify
Potions
 d - a potion of flight
 e - a potion of attraction
 f - a potion of cancellation
 l - 2 potions of curing


   Skills:
 + Level 6.8 Fighting
 + Level 2.0 Short Blades
 + Level 2.0 Long Blades
 + Level 5.0 Axes
 + Level 2.0 Maces & Flails
 + Level 2.0 Polearms
 + Level 2.0 Staves
 + Level 2.0 Slings
 + Level 2.0 Bows
 + Level 2.0 Crossbows
 + Level 2.0 Throwing
 + Level 5.0 Armour
 + Level 3.2 Dodging
 + Level 2.0 Stealth
 + Level 2.0 Shields
 + Level 2.0 Unarmed Combat
 + Level 2.0 Spellcasting
 + Level 1.5 Conjurations
 + Level 1.5 Hexes
 + Level 1.5 Summonings
 + Level 1.5 Necromancy
 + Level 1.5 Translocations
 + Level 1.5 Transmutations
 + Level 1.5 Fire Magic
 + Level 1.5 Ice Magic
 + Level 1.5 Air Magic
 + Level 1.5 Earth Magic
 + Level 1.5 Poison Magic
 + Level 5.1 Invocations
 + Level 2.0 Evocations


You had 9 spell levels left.
You didn't know any spells.
Your spell library was empty.

Dungeon Overview and Level Annotations

Branches:
Dungeon (5/15)
 Temple: D:4-7

Altars:
Nemelex Xobeh
Ru
Sif Muna
Yredelemnul


Innate Abilities, Weirdness & Mutations

Your experience applies equally to all skills.
You have very sharp teeth.
Your uncanny sense of smell can sniff out nearby items.


Message History

* * * LOW HITPOINT WARNING * * *
The orc priest hits you but does no damage.
You climb upwards.
There is a stone staircase leading down here.
You feel better.
The orc wizard hits you but does no damage.
The orc priest mumbles some strange prayers to Beogh against you.
Pain shoots through your body!
* * * LOW HITPOINT WARNING * * *
You feel protected.
The orc wizard casts a spell.
The orc wizard seems to speed up.
The orc priest barely misses you.
Unknown command.
You hit the orc priest.
The orc priest is severely wounded.
You hit the orc wizard. You block the orc wizard's attack.
The orc wizard hits you but does no damage.
The orc priest invokes the aid of Beogh against you.
Beogh smites you!
You die...

#.###...††.....# ######.#
#............#.# #.#
############.#.######## #.#
#.#........# #.## #.########.#
#... ### #.# #.# ####
..##############.# #.#
......#........oo# #.#
#.###.#.########@# #.####### #.#
#.#...>......# #.##..... #.#
#.......####.# #.##.#### #.#
###..##.# #.# #.##.# #.# #..##.##
#.# #.##.# #.# #..#...# #.#
#.##.# #.#####..#.#.###.#
#.##.####
#.....#....#...#.########........
#####.#..#####...#..........#####


You could see an orc priest and an orc wizard (fast).

Vanquished Creatures
  A phantom (D:4)
  A scorpion (D:4)
  2 hounds
  A centaur skeleton (D:4)
  3 adders
  An ooze (D:1)
  A leopard gecko (D:4)
  5 orcs
  3 giant cockroaches
  4 goblins
  4 hobgoblins
  6 jackals (D:4)
  6 kobolds
  A quokka (D:2)
  A ball python (D:4)
  8 bats
  5 frilled lizards
  4 rats
57 creatures vanquished.

Vanquished Creatures (others)
  An orc wizard (D:5)
1 creature vanquished.

Grand Total: 58 creatures vanquished

Notes
Turn   | Place    | Note
-------+----------+-------------------------------------------
     0 | Abyss:1  | Gargoyl the Gnoll Abyssal Knight began the quest for the
                  | Orb.
     0 | Abyss:1  | Reached XP level 1. HP: 23/23 MP: 3/3
     3 | Abyss:1  | Found a corrupted altar of Lugonu.
   135 | D:1      | Escaped the Abyss
   306 | D:1      | Reached XP level 2. HP: 25/29 MP: 5/5
   517 | D:1      | You fall into a shaft and drop 1 floor!
   537 | D:1      | Reached * piety under Lugonu
   550 | D:1      | You fall into a shaft and drop 1 floor!
   598 | D:2      | Found a basalt altar of Yredelemnul.
   614 | D:2      | Found a sacrificial altar of Ru.
   862 | D:2      | Found a faded altar of an unknown god.
   873 | D:2      | Reached XP level 3. HP: 34/35 MP: 6/6
   946 | D:2      | Found a shimmering blue altar of Sif Muna.
  1615 | D:3      | Reached skill level 1 in Short Blades
  1615 | D:3      | Reached skill level 1 in Long Blades
  1615 | D:3      | Reached skill level 1 in Maces & Flails
  1615 | D:3      | Reached skill level 1 in Polearms
  1615 | D:3      | Reached skill level 1 in Staves
  1615 | D:3      | Reached skill level 1 in Slings
  1615 | D:3      | Reached skill level 1 in Bows
  1615 | D:3      | Reached skill level 1 in Crossbows
  1615 | D:3      | Reached skill level 1 in Throwing
  1615 | D:3      | Reached skill level 1 in Stealth
  1615 | D:3      | Reached skill level 1 in Shields
  1615 | D:3      | Reached skill level 1 in Unarmed Combat
  1615 | D:3      | Reached skill level 1 in Spellcasting
  1615 | D:3      | Reached skill level 1 in Evocations
  1812 | D:3      | Reached XP level 4. HP: 37/41 MP: 7/7
  1953 | D:3      | Found a sparkling altar of Nemelex Xobeh.
  2318 | D:4      | Reached skill level 1 in Conjurations
  2318 | D:4      | Reached skill level 1 in Hexes
  2318 | D:4      | Reached skill level 1 in Summonings
  2318 | D:4      | Reached skill level 1 in Necromancy
  2318 | D:4      | Reached skill level 1 in Translocations
  2318 | D:4      | Reached skill level 1 in Transmutations
  2318 | D:4      | Reached skill level 1 in Fire Magic
  2318 | D:4      | Reached skill level 1 in Ice Magic
  2318 | D:4      | Reached skill level 1 in Air Magic
  2318 | D:4      | Reached skill level 1 in Earth Magic
  2318 | D:4      | Reached skill level 1 in Poison Magic
  2318 | D:4      | Reached XP level 5. HP: 35/47 MP: 8/8
  2671 | D:4      | Noticed a phantom
  2707 | D:4      | Killed a phantom
  2707 | D:4      | Reached ** piety under Lugonu
  2708 | D:4      | Reached skill level 5 in Invocations
  2708 | D:4      | Reached XP level 6. HP: 48/53 MP: 9/9
  3123 | D:5      | Entered Level 5 of the Dungeon
  3146 | D:5      | Reached skill level 5 in Axes
  3146 | D:5      | Reached skill level 5 in Armour
  3168 | D:4      | Killed from afar by an orc priest

Illustrated notes

Levels and vault maps discovered:
D:1:      dpeg_arrival_solitude, layout_basic
D:2:      layout_loops_ring, led_sif_pool, general_overflow_altar,
          chequers_ecumenical_altar_island, yredelemnul_altar_generic
D:3:      layout_basic, old_standard_altar, minmay_between
D:4:      layout_loops_ring
D:5:      layout_basic, kennysheep_mini, grunt_temple_overflow_diamond,
          temple_statues, lemuel_flame_loot_1

Skill      XL: |  1  2  3  4  5  6 |
---------------+-------------------+-----
Short Blades   | 1 2 |  2.0
Long Blades    | 1 2 |  2.0
Maces & Flails | 1 2 |  2.0
Polearms       | 1 2 |  2.0
Staves         | 1 2 |  2.0
Slings         | 1 2 |  2.0
Bows           | 1 2 |  2.0
Crossbows      | 1 2 |  2.0
Throwing       | 1 2 |  2.0
Stealth        | 1 2 |  2.0
Shields        | 1 2 |  2.0
Unarmed Combat | 1 2 |  2.0
Spellcasting   | 1 2 |  2.0
Evocations     | 1 2 |  2.0
Conjurations   | 1 |  1.5
Hexes          | 1 |  1.5
Summonings     | 1 |  1.5
Necromancy     | 1 |  1.5
Translocations | 1 |  1.5
Transmutations | 1 |  1.5
Fire Magic     | 1 |  1.5
Ice Magic      | 1 |  1.5
Air Magic      | 1 |  1.5
Earth Magic    | 1 |  1.5
Poison Magic   | 1 |  1.5
Dodging        | 3 |  3.2
Invocations    | 5 |  5.1
Axes           | 5 |  5.0
Armour         | 5 |  5.0
Fighting       | |  6.8

Action                   |  1- 3 |  4- 6 || total
-------------------------+-------+-------++-------
Melee: Hand axe          |    98 |   100 ||   198
       Bite              |     7 |    16 ||    23
Invok: Depart the Abyss  |     1 |       ||     1
  Use: Scroll            |     8 |     2 ||    10
       Potion            |     1 |     2 ||     3
Armor: Scale mail        |    47 |       ||    47
       Plate armour      |    17 |    76 ||    93
Dodge: Dodged            |    59 |    24 ||    83
Block: Buckler           |       |    12 ||    12

Table legend: (Time is in decaauts)
 A = Elapsed time spent in this place.
 B = Non-inter-level travel time spent in this place.
 C = Inter-level travel time spent in this place.
 D = Time resting spent in this place.
 E = Time spent auto-exploring this place.
 F = Levels seen in this place.
 G = Mean time per level.
                   A        B        C        D        E       F      G
               +--------+--------+--------+--------+--------+-----+--------+
         Total |   3184 |   3145 |     39 |      0 |   2534 |   6 |  530.7 |
       Dungeon |   3049 |   3010 |     39 |      0 |   2419 |   5 |  609.8 |
         Abyss |    135 |    135 |      0 |      0 |    115 |   1 |  135.0 |
               +--------+--------+--------+--------+--------+-----+--------+

Top non-repeatable levels by time:
     D:3: 938 daAuts
     D:4: 854 daAuts
     D:2: 813 daAuts
     D:1: 400 daAuts
 Abyss:1: 135 daAuts
     D:5: 42 daAuts
